Map: Acolyte LE

Players

Semper

  • Race: Terran Terran
  • Spawn Location: 7:00

Jig - Winner!

  • Race: Zerg Zerg
  • Spawn Location: 1:00

Event: WCS Montreal 2017

VOD

Have the link to the VOD?

Description

Time

  • Played on: Sept. 8, 2017, 3:16 p.m.
  • Length: 7:34

All games in this series

Show
View Real Time Build Order
Export as new Build Order

Semper Terran 

Build Orders: Reaper Expand, Hellion Banshee 

Get SALT Encoding   

  12  0:00  SCV  
  13  0:13  SCV  
  14  0:18  Supply Depot  
  14  0:25  SCV  
  15  0:40  SCV  
  15  0:42  Barracks  
  16  0:43  Refinery  
  16  0:52  SCV  
  17  1:04  SCV  
  18  1:16  SCV  
  19  1:29  Orbital Command  
  19  1:30  Reaper  
  20  1:40  Command Center  
  20  1:50  Supply Depot  
  20  1:54  SCV  
  21  2:01  Marine  
  21  2:06  Factory  
  21  2:08  SCV  
  23  2:13  Refinery  
  23  2:20  SCV, Barracks Reactor  
  24  2:32  SCV  
  26  2:44  SCV  
  25  2:52  Orbital Command  
  25  2:53  Starport  
  25  2:54  Widow Mine  
  25  2:56  Marine x2  
  25  2:58  SCV  
  30  3:10  SCV  
  31  3:14  Marine x2  
  31  3:18  SCV  
  34  3:21  Supply Depot  
  34  3:22  SCV  
  35  3:30  Medivac, SCV  
  38  3:34  SCV  
  38  3:37  Hellion x2  
  43  3:42  SCV, Barracks Tech Lab  
  43  3:46  Supply Depot, SCV  
  45  3:54  SCV  
  46  3:55  Supply Depot  
  46  3:58  Hellion  
  46  3:59  Hellion  
  46  4:00  SCV  
  51  4:06  SCV  
  51  4:09  Cloaking Field  
  52  4:10  Banshee  
  52  4:13  Armory  
  52  4:15  SCV  
  56  4:19  SCV  
  56  4:20  Hellion  
  56  4:21  Hellion  
  61  4:28  SCV  
  61  4:30  Supply Depot  
  62  4:31  SCV  
  63  4:40  SCV  
  63  4:43  SCV  
  63  4:44  Barracks Tech Lab  
  63  4:52  SCV  
  59  4:53  Factory Tech Lab, Banshee  
  62  5:05  Marine  
  62  5:06  SCV  
  58  5:12  SCV  
  58  5:13  Barracks  
  57  5:15  Barracks, Command Center, Siege Tank  
  57  5:18  SCV  
  57  5:19  Marine  
  62  5:23  Marine  
  62  5:24  SCV  
  62  5:25  Refinery  
  62  5:26  Refinery  
  62  5:27  Bunker  
  64  5:29  Bunker  
  64  5:32  SCV  
  65  5:42  SCV  
  66  5:44  Engineering Bay  
  66  5:45  Engineering Bay  
  66  5:47  Siege Tank, Starport Reactor, SCV  
  70  5:54  Marine x2, SCV  
  73  6:00  Marine  
  73  6:03  Marine  
  65  6:12  Marine x2  
  65  6:16  SCV  
  65  6:18  Marine  
  61  6:20  Marine  
  56  6:30  Marine x2, SCV x2  
  56  6:38  Marine  
  56  6:39  Barracks Tech Lab  
  55  6:42  SCV  
  52  6:47  Marine  
  52  6:48  Marine, SCV  
  52  6:56  Marine, Missile Turret  
  43  7:03  Missile Turret  
  43  7:04  SCV  
  43  7:06  Marine  
  45  7:10  Marine  
  45  7:11  Marine  
  44  7:16  SCV  
Show
View Real Time Build Order
Export as new Build Order

Jig Zerg - Winner!

Build Orders: Hatch First 

Get SALT Encoding   

  12  0:00  Drone  
  13  0:12  Overlord  
  13  0:17  Drone  
  14  0:30  Drone  
  14  0:31  Drone  
  14  0:34  Drone  
  17  0:52  Hatchery  
  17  0:55  Drone  
  17  0:58  Drone  
  18  1:09  Extractor  
  17  1:14  Spawning Pool  
  17  1:17  Drone  
  17  1:20  Drone  
  18  1:27  Drone  
  19  1:38  Overlord  
  19  2:02  Queen, Zergling x4  
  19  2:04  Queen, Zergling x2  
  26  2:12  Drone  
  26  2:15  Drone  
  28  2:21  Drone  
  29  2:26  Drone  
  30  2:38  Extractor  
  30  2:40  Drone  
  29  2:45  Drone x2, Evolution Chamber  
  29  2:49  Lair  
  31  2:53  Overlord  
  31  2:54  Drone  
  33  2:58  Drone  
  33  3:04  Drone  
  34  3:11  Drone  
  35  3:16  Extractor, Drone  
  35  3:17  Extractor  
  34  3:20  Drone x3  
  34  3:22  Drone  
  34  3:24  Drone x3  
  41  3:28  Drone  
  41  3:32  Drone  
  43  3:39  Overlord  
  43  3:43  Metabolic Boost  
  43  3:53  Overlord, Spire  
  43  3:55  Spore Crawler  
  41  3:56  Spore Crawler  
  41  3:57  Drone x3  
  41  3:59  Drone  
  41  4:02  Drone  
  45  4:04  Drone  
  45  4:06  Drone  
  45  4:09  Drone  
  48  4:11  Drone  
  48  4:15  Drone  
  50  4:22  Zergling x8  
  54  4:25  Zergling x2  
  54  4:26  Zergling x2  
  54  4:30  Overlord  
  56  4:36  Zergling x4  
  56  4:46  Spore Crawler  
  49  5:06  Mutalisk x7  
  54  5:12  Mutalisk  
  60  5:23  Drone x2  
  60  5:24  Drone x3  
  65  5:29  Drone  
  65  5:34  Zerg Flyer Weapons Level 1  
  66  5:40  Hatchery  
  65  5:43  Drone  
  65  5:48  Drone x2  
  66  5:51  Overlord  
  66  6:11  Mutalisk x3  
  66  6:12  Mutalisk  
  74  6:29  Overlord  
  72  6:35  Mutalisk  
  72  6:36  Overlord  
  72  6:37  Drone  
  72  6:38  Overlord  
  74  6:47  Overlord  
  74  6:48  Drone x2  
  74  6:49  Drone x2  
  73  7:00  Mutalisk x3  
  73  7:01  Mutalisk  
  79  7:04  Drone x2  
  83  7:15  Overlord  
  83  7:16  Drone x2  
  89  7:31  Evolution Chamber x2  
Tags
 
Add a new tag
Caveats
  • Supply blocks, unpowered buildings, or Contaminate may cause inaccurate times.
  • Supply counts are checked every 10 seconds.